 Dungeon Crawl Stone Soup version 0.31.0-10-gcf4a605ca0 (webtiles) character file.

Game seed: 5337389187559974158

7372 Flugkiller the Grappler (level 10, 98/98 HPs)
             Began as a Troll Enchanter on Jan 25, 2024.
             Was an Initiate of Ru.
             Quit the game on level 10 of the Dungeon.
             The game lasted 00:09:49 (7619 turns).

Flugkiller the Grappler (Troll Enchanter)           Turns: 7619, Time: 00:09:49

Health: 98/98      AC: 13    Str: 22    XL:     10   Next: 91%
Magic:  10/10      EV:  9    Int: 11    God:    Ru [......]
Gold:   545        SH:  0    Dex: 10    Spells: 11/11 levels left

rFire   . .          .
                       - Unarmed
rCold   . . .        (no shield)
rNeg    . . .        n - +2 swamp dragon scales
rPois   +            (helmet restricted)
rElec   .            l - +1 cloak
rCorr   .            (gloves unavailable)
SInv    +            (boots unavailable)
Will    +....        c - amulet of faith
Stlth   +            m - ring of willpower
HPRegen 1.16/turn    i - ring of see invisible
MPRegen 0.12/turn

%: faith
@: no status effects
A: large, unfitting armour, claws 3, regeneration 1, shaggy fur 1, tough skin 1
a: Renounce Religion


You were on level 10 of the Dungeon.
You worshipped Ru.
Ru was noncommittal.
You visited 2 branches of the dungeon, and saw 11 of its levels.
You also visited: Bailey.

You collected 581 gold pieces.
You spent 36 gold pieces at shops.

Inventory:

Missiles
 a - 13 poisoned darts (quivered)
 e - 2 throwing nets
 j - 7 boomerangs
 k - 5 large rocks
Armour
 b - a scarf of resistance
   (You found it on level 8 of the Dungeon)
 l - a +1 cloak (worn)
   (You took it off Crazy Yiuf on level 7 of the Dungeon)
 n - +2 swamp dragon scales (worn)
   (You took it off Maggie on level 7 of the Dungeon)
Jewellery
 c - an amulet of faith (around neck)
   (You found it on level 3 of the Dungeon)
 d - the ring "Sekhax" {Ice Dex+3}
   (You found it on level 4 of the Dungeon)

   [ring of ice]

   Ice:       It enhances your ice magic.
   Dex+3:     It affects your dexterity (+3).
   rF-:       It makes you vulnerable to fire.
   rC+:       It protects you from cold.
 f - an amulet of the acrobat
   (You found it on level 6 of the Dungeon)
 i - a ring of see invisible (right claw)
   (You found it in a bailey)
 m - a ring of willpower (left claw)
   (You found it on level 4 of the Dungeon)
Wands
 g - a wand of mindburst (9)
   (You found it on level 7 of the Dungeon)
Potions
 h - a potion of haste


   Skills:
 - Level 6.0 Fighting
 - Level 0.7 Short Blades
 + Level 6.8 Throwing
 - Level 1.5 Dodging
 - Level 1.5 Stealth
 - Level 12.0 Unarmed Combat
 - Level 1.2 Spellcasting
 - Level 2.0 Hexes
 - Level 4.0 Evocations


You had 11 spell levels left.
You didn't know any spells.
Your spell library contained the following spells:

 Spells                   Type           Power      Damage    Failure   Level
 Apportation              Tloc           0%         N/A       45%         1
 Necrotise                Necr           0%         1d4       45%         1
 Sting                    Conj/Alch      0%         1d3       45%         1
 Summon Small Mammal      Summ           0%         N/A       45%         1
 Ensorcelled Hibernation  Hex/Ice        4%         N/A       45%         2
 Confusing Touch          Hex            5%         N/A       56%         3
 Tukima's Dance           Hex            5%         N/A       56%         3
 Blink                    Tloc           0%         N/A       61%         2
 Lesser Beckoning         Tloc           0%         N/A       61%         2
 Momentum Strike          Conj/Tloc      0%         3d8       61%         2
 Scorch                   Fire           0%         2d5       61%         2
 Sublimation of Blood     Necr           0%         N/A       61%         2
 Dazzling Flash           Conj/Hex       4%         N/A       71%         3
 Call Canine Familiar     Summ           0%         N/A       83%         3
 Fugue of the Fallen      Necr           0%         N/A       83%         3
 Gell's Gravitas          Tloc           0%         N/A       83%         3
 Passwall                 Erth           0%         N/A       83%         3
 Swiftness                Air            0%         N/A       83%         3
 Teleport Other           Tloc           0%         N/A       83%         3
 Volatile Blastmotes      Fire/Tloc      0%         2d10      83%         3
 Cause Fear               Hex            2%         N/A       92%         4
 Anguish                  Hex/Necr       1%         N/A       98%         4
 Flame Wave               Conj/Fire      0%         2d4       99%         4
 Petrify                  Alch/Erth      0%         N/A       99%         4
 Summon Blazeheart Golem  Fire/Summ      0%         N/A       99%         4
 Fireball                 Conj/Fire      0%         3d3       100%        5
 Irradiate                Conj/Alch      0%         3d11      100%        5
 Dispersal                Tloc           0%         N/A       100%        6
 Starburst                Conj/Fire      0%         6d3       100%        6
 Summon Cactus Giant      Summ           0%         N/A       100%        6
 Maxwell's Capacitive Co  Air            0%         ∞         100%        8
 Dragon's Call            Summ           0%         N/A       100%        9


Dungeon Overview and Level Annotations

Branches:
Dungeon (10/15) Zot: 26891  Temple (1/1) D:6 Zot: 5998     Orc (0/2) D:9
 Bailey (visited)
   Lair: D:8-11

Altars:
Ashenzari
Cheibriados
Dithmenos
Elyvilon
Fedhas
Gozag
Hepliaklqana
Kikubaaqudgha
Makhleb
Nemelex Xobeh
Okawaru
Qazlal
Ru
Sif Muna
Trog
Uskayaw
Vehumet
Wu Jian
Xom
Yredelemnul
Zin
The Shining One

Shops:
D:4 !=((

Annotations:
D:8 exclusion: door
D:9 2 transporters
D:10 Sonja


Innate Abilities, Weirdness & Mutations

You are too large for most types of armour.
You have claws for hands.
Your natural rate of healing is unusually fast.
You are covered in fur. (AC +1)
You have tough skin. (AC +1)


Message History

You throw a poisoned dart. The poisoned dart hits the orc knight!
The orc knight looks as sick as possible!
The orc knight is almost dead.
The orc knight hits you with a +0 trident!!
You scratch the orc knight but do no damage.
The orc knight is almost dead.
The orc knight hits you with a +0 trident!!
You mangle the orc knight!!
You kill the orc knight!
No target in view!
Things that are here:
a +0 trident; a +0 chain mail; an orc corpse
a - a poisoned dart You start resting.
HP restored.
a - 2 poisoned darts (gained 1)
a - 4 poisoned darts (gained 2)
You enter the shallow water.
a - 5 poisoned darts (gained 1)
a - 6 poisoned darts (gained 1)
a - 7 poisoned darts (gained 1)
a - 8 poisoned darts (gained 1)
a - 9 poisoned darts (gained 1)
a - 10 poisoned darts (gained 1)
a - 12 poisoned darts (gained 2)
There is an open door here.
You enter the shallow water.
There is an open door, spattered with blood here.
You enter the shallow water.
There is an open door here.
You enter the shallow water.
There is an open door here.
You enter the shallow water.
Key pressed, stopping explore.
There is an open door here.
You enter the shallow water.
There is an open door, spattered with blood here.
You enter the shallow water.
e - a throwing net;
e - 2 throwing nets (gained 1)
Things that are here:
a +0 trident; a +0 ring mail; an orc skeleton
There is an open gate here.
You see here a +4 short sword of draining.
a - 13 poisoned darts (gained 1)
There is an open door here.
i - a ring of see invisible; n - +0 swamp dragon scales (worn)
Unknown command.
o - 2 scrolls of enchant armour
i - a ring of see invisible (right claw) Unknown command.
As you read the scroll of enchant armour, it crumbles to dust.
Your +0 swamp dragon scales glow green for a moment.
As you read the scroll of enchant armour, it crumbles to dust.
Your +1 swamp dragon scales glow green for a moment.
Unknown command.
There is a roughly hewn altar of Beogh here.
There is an open door here.
There is a gate leading back out of this place here.
There is an open gate here.
You enter the shallow water.
Things that are here:
a +0 trident; a +0 ring mail; an orc skeleton
There is an open door, spattered with blood here.
You enter the shallow water.
There is an open door here.
You enter the shallow water.
There is an open door here.
You enter the shallow water.
There is an open door here.
You enter the shallow water.
There is an open door, spattered with blood here.
You enter the shallow water.
There is an open door here.
You enter the shallow water.
Key pressed, stopping explore.
Done exploring.
Done exploring.
Unknown command.
Things that are here:
a +0 arbalest; a +0 ring mail
Things that are here:
a +0 arbalest; a +0 scale mail
Things that are here:
a +0 arbalest; a +0 scale mail
There is a gate leading back out of this place here.
Search for what [Enter for "armor", or ? for help]? .
Unknown command.
Welcome back to the Dungeon!
There is an empty arch of ancient stone here.
Unknown command.
Found a leather armour.
You see here a +0 leather armour.
Sonja, the Graceful Assassin comes into view.
She is wielding a +1 dagger of venom and quivering curare-tipped darts.
Sonja shouts!
Sonja says, "Someone hired me to kill you, but I'm not supposed to say who."
Unknown command.
Enter note: I'm so fucking stupdi Unknown command.
Unknown command.
Are you sure you want to abandon this character and quit the game? (Confirm with "yes".)

######...####.##......
##...###.##......
###.....##......
##......>.....
........#####...... .
######### ##..### .K.
#####.## .....######
#..>...###
#...@.[#####.........
######............###
#####.#.....8...
#....8.....8
#.#.........
#.#.........
#.#8....∩?..
#.#.........
#.#.........


You could see Sonja.

Vanquished Creatures
  An orc knight (Bailey)
  A gargoyle (D:8)
  Maggie (D:7)
  A komodo dragon (D:10)
  2 trolls
  Prince Ribbit (D:6)
  2 hornets
  Sigmund (D:3)
  2 steam dragons
  2 water moccasins (D:8)
  Edmund (D:4)
  Duvessa (D:5)
  13 orc warriors
  A swamp drake (D:9)
  4 ice beasts
  2 ogres
  2 centaurs (D:9)
  2 kobold brigands (D:9)
  2 bullfrogs
  Blork the orc (D:4)
  A gnoll sergeant (D:6)
  2 scorpions
  11 wights
  Dowan (D:5)
  4 killer bees (D:8)
  2 bombardier beetles
  A gnoll bouda (D:5)
  2 orc priests
  Crazy Yiuf (D:7)
  A jelly (D:5)
  2 hounds
  2 sleepcaps (D:7)
  2 iguanas
  11 orc wizards
  Robin (D:4)
  10 gnolls
  6 adders
  3 white imps
  2 ribbon worms
  2 dart slugs
  48 orcs
  5 bats
  3 endoplasms
  4 giant cockroaches
  9 goblins
  3 hobgoblins
  4 jackals (D:4)
  4 quokkas
  5 ball pythons
  3 frilled lizards (D:1)
  19 kobolds
  2 rats
219 creatures vanquished.

Notes
Turn   | Place    | Note
-------+----------+-------------------------------------------
     0 | D:1      | Flugkiller the Troll Enchanter began the quest for the Orb.
     0 | D:1      | Reached XP level 1. HP: 16/16 MP: 1/1
   236 | D:1      | Reached skill level 1 in Unarmed Combat
   248 | D:1      | Reached XP level 2. HP: 26/26 MP: 2/2
   638 | D:1      | Reached skill level 1 in Fighting
   638 | D:1      | Reached skill level 2 in Unarmed Combat
   638 | D:1      | Reached XP level 3. HP: 18/33 MP: 3/3
  1114 | D:2      | You fall into a shaft and drop 1 floor!
  1215 | D:3      | Reached XP level 4. HP: 41/41 MP: 4/4
  1226 | D:3      | Reached skill level 3 in Unarmed Combat
  1321 | D:3      | Noticed Sigmund
  1330 | D:3      | Killed Sigmund
  1331 | D:3      | Reached skill level 4 in Unarmed Combat
  1331 | D:3      | Reached XP level 5. HP: 50/50 MP: 5/5
  1741 | D:4      | Found Mongiodgh's Weapon Emporium.
  1758 | D:4      | Noticed Robin
  1766 | D:4      | Killed Robin
  1767 | D:4      | Reached XP level 6. HP: 46/59 MP: 6/6
  1796 | D:4      | Found Jesat's Jewellery Shoppe.
  1815 | D:4      | Identified the ring "Sekhax" {Ice Dex+3}
  1832 | D:4      | Reached skill level 5 in Unarmed Combat
  1837 | D:4      | Found Huotiged's Distillery.
  1958 | D:4      | Noticed Edmund
  1972 | D:4      | Killed Edmund
  2050 | D:4      | Identified the +7 spear of the Telling Stork {drain, Dex+3
                  | SInv}
  2155 | D:4      | Noticed Blork the orc
  2165 | D:4      | Killed Blork the orc
  2166 | D:4      | Reached skill level 6 in Unarmed Combat
  2166 | D:4      | Reached XP level 7. HP: 58/67 MP: 7/7
  2378 | D:4      | Found Weazxu's Weapon Boutique.
  2427 | D:4      | Bought a throwing net for 36 gold pieces
  2435 | D:5      | Entered Level 5 of the Dungeon
  2556 | D:5      | Noticed Dowan
  2557 | D:5      | Noticed Duvessa
  2570 | D:5      | Killed Duvessa
  2576 | D:5      | Killed Dowan
  2577 | D:5      | Reached skill level 7 in Unarmed Combat
  2844 | D:5      | Found a burning altar of Makhleb.
  2846 | D:5      | Found a hazy altar of Hepliaklqana.
  2887 | D:5      | Reached XP level 8. HP: 66/78 MP: 8/8
  3129 | D:6      | Reached skill level 8 in Unarmed Combat
  3271 | D:6      | Noticed Prince Ribbit
  3379 | D:6      | Found a staircase to the Ecumenical Temple.
  3388 | Temple   | Entered the Ecumenical Temple
  3604 | D:6      | Reached skill level 9 in Unarmed Combat
  3929 | D:7      | Noticed Maggie
  3982 | D:7      | Killed Maggie
  3983 | D:7      | Reached skill level 10 in Unarmed Combat
  4117 | D:6      | Killed Prince Ribbit
  4118 | D:6      | Reached XP level 9. HP: 63/84 MP: 9/9
  4198 | D:7      | Found a runed translucent door.
  4199 | D:7      | Noticed Crazy Yiuf
  4207 | D:7      | Killed Crazy Yiuf
  4427 | D:7      | Noticed a troll
  4434 | D:7      | Killed a troll
  4435 | D:7      | Reached skill level 5 in Fighting
  5163 | D:8      | Reached skill level 11 in Unarmed Combat
  5536 | D:8      | Noticed a gargoyle
  5550 | D:8      | Killed a gargoyle
  5551 | D:8      | Reached skill level 1 in Evocations
  5551 | D:8      | Reached XP level 10. HP: 57/98 MP: 10/10
  6259 | D:9      | Found a transporter.
  6261 | D:9      | Found a transporter.
  6522 | D:9      | Found a staircase to the Orcish Mines.
  6675 | D:9      | Found a sacrificial altar of Ru.
  6734 | D:9      | Noticed a purple ugly thing
  6751 | D:9      | Noticed an arcanist
  6779 | D:9      | Became a worshipper of Ru the Awakened
  6808 | D:10     | Entered Level 10 of the Dungeon
  6821 | D:10     | Reached skill level 12 in Unarmed Combat
  6888 | D:10     | Found a flagged portal.
  6897 | Bailey   | Entered a bailey
  6926 | Bailey   | Reached skill level 5 in Throwing
  7234 | Bailey   | Noticed an orc knight
  7432 | Bailey   | Killed an orc knight
  7618 | D:10     | Noticed Sonja
  7619 | D:10     | I'm so fucking stupdi
  7619 | D:10     | Quit the game

Illustrated notes

######...####.##......
##...###.##......
###.....##......
##......>.....
........#####...... .
######### ##..### .K.
#####.## .....######
#..>...###
#...@.[#####.........
######............###
#####.#.....8...
#....8.....8
#.#.........
#.#.........
#.#8....∩?..
#.#.........
#.#.........


Turn 7619 on D:10: I'm so fucking stupdi

Levels and vault maps discovered:
D:1:      dpeg_arrival_prison, layout_loops_corners
D:2:      layout_loops_corners, minmay_pentomino_u4, uniq_jessica
D:3:      minmay_skewed_foursquare, layout_rooms, hangedman_feature_mirror,
          kennysheep_nub, st_stairs_10, hangedman_decor_push,
          corexii_corridor_pit, minmay_circle_x, uniq_sigmund
D:4:      layout_basic, serial_shops, shop, nicolae_shop_tiny_glass, shop, shop,
          uniq_blork_the_orc, uniq_robin, uniq_edmund
D:5:      layout_loops_ring, chequers_temple_overflow_statue_of_worship,
          uniq_duvessa
D:6:      layout_cave_pods, minmay_temple_entry_gardened_gates, serial_park,
          serial_park_avenue1, serial_park_square2, serial_park_tiny_pond,
          uniq_prince_ribbit1
D:7:      layout_cave_pools, nicolae_the_louvre, uniq_maggie,
          uniq_crazy_yiuf_cottage
D:8:      cheibrodos_two_vegetables, layout_basic
D:9:      layout_basic, nicolae_ru_the_path_less_chosen, erik_orc_1,
          gammafunk_ghost_abyssal_escape, minmay_misc_feat_plants,
          grunt_decor_mini_mirrors
D:10:     layout_rooms, serial_ice, serial_ice_m, serial_ice_h, serial_ice_i,
          serial_ice_c, enter_bailey_6, kennysheep_generic_room_14, uniq_sonja,
          uniq_fannar
Temple:   hellmonk_temple_of_storms

Skill      XL: |  1  2  3  4  5  6  7  8  9 10 |
---------------+-------------------------------+-----
Unarmed Combat | 1 2 4 6 7 10 11 12 | 12.0
Fighting       | 1 2 3 4 6 |  6.0
Throwing       | 3 4 6 |  6.8
Evocations     | 1 4 |  4.0
Short Blades   | |  0.7
Dodging        | |  1.5
Stealth        | |  1.5
Spellcasting   | |  1.2
Hexes          | |  2.0

Action                     |  1- 3 |  4- 6 |  7- 9 | 10-12 || total
---------------------------+-------+-------+-------+-------++-------
  Melee: Unarmed           |    99 |    85 |   266 |   218 ||   668
         Punch             |     1 |     1 |    17 |    10 ||    29
  Throw: Dart              |       |       |     2 |    23 ||    25
         Throwing net      |       |       |       |     2 ||     2
  Evoke: Wand              |       |       |     3 |       ||     3
    Use: Scroll            |       |       |       |     2 ||     2
   Stab: Sleeping          |       |     1 |       |       ||     1
 Armour: Robe              |    62 |    60 |    82 |       ||   204
         Swamp dragon scal |       |       |    98 |   256 ||   354
  Dodge: Dodged            |    56 |    40 |    81 |   119 ||   296
